 Dungeon Sprint DCSS version 0.28.0-43-g3370ac3207 (webtiles) character file.

Game seed: 911634069746471451

5884 boopmooplesden the Severer (level 10, -7/111 HPs)
             Began as a Minotaur Berserker on Mar 10, 2022.
             Was a High Priest of Trog.
             Killed from afar by an ice dragon (8 damage)
             ... with a blast of cold
             ... in the Dungeon (Sprint II: "The Violet Keep of Menkaure").
             The game lasted 00:05:34 (2149 turns).

boopmooplesden the Severer (Minotaur Berserker)     Turns: 2149, Time: 00:05:35

Health: -7/111     AC: 21    Str: 23    XL:     10   Next: 52%
Magic:  9/9        EV: 11    Int:  4    God:    Trog [*****.]
Gold:   42         SH:  0    Dex: 13    Spells: 9/9 levels left

rFire   + . .      SeeInvis .   v - +8 broad axe of Bloody Death {drain, Contam +Blink rPois rC+}
rCold   + . .      Faith    .   (no shield)
rNeg    . . .      Spirit   .   y - +3 plate armour {rF+}
rPois   +          Reflect  .   (helmet restricted)
rElec   .          Harm     .   t - +1 cloak
rCorr   .          Rampage  .   i - +0 pair of gloves
Will    .....      NoTele   +   j - +0 pair of boots {Stlth+}
Stlth   ..........              (no amulet)
HPRegen 0.28/turn               (no ring)
MPRegen 0.11/turn               (no ring)

@: on berserk cooldown, slowed, very slow
A: horns 2, retaliatory headbutt
a: Renounce Religion, Evoke Blink, Berserk, Trog's Hand, Brothers in Arms


You were in the Dungeon.
You worshipped Trog.
Trog was extremely pleased with you.
You visited 1 branch You collected 1216 gold pieces.
You spent 1174 gold pieces at shops.

Inventory:

Hand Weapons
 a - a +0 hand axe
 l - a +3 battleaxe of flaming
 v - the +8 broad axe of Bloody Death (weapon) {drain, Contam +Blink rPois rC+}
   (You acquired it in the Dungeon)

   A truly terrible weapon, it drains the life of any living foe it strikes.
   rC:        It protects you from cold.
   rPois:     It protects you from poison.
   +Blink:    It lets you blink.
   Contam:    It causes magical contamination when unequipped.
Armour
 b - a +0 animal skin
 i - a +0 pair of gloves (worn)
 j - a +0 pair of boots of stealth (worn)
 k - the +1 leather armour "Yqueceuw" {rElec}
   (You bought it in a shop in the Dungeon)

   rElec:     It insulates you from electricity.
 m - a +0 chain mail
 t - a +1 cloak (worn)
 y - a +3 plate armour of fire resistance (worn)
Magical Staves
 x - a staff of conjuration
Scrolls
 h - a scroll of blinking
 o - 2 scrolls of immolation
 q - a scroll of fear
 r - a scroll of identify
 s - a scroll of fog
Potions
 c - 2 potions of invisibility
 d - 3 potions of heal wounds
 e - 2 potions of haste
 f - 5 potions of magic
 g - 2 potions of berserk rage
 n - a potion of lignification
 p - 4 potions of resistance
 u - a potion of curing
 w - 2 potions of flight


   Skills:
 + Level 17.2 Fighting
 + Level 19.2 Axes
 + Level 7.7 Armour
 + Level 12.4 Dodging
 + Level 3.9 Stealth


You had 9 spell levels left.
You didn't know any spells.
Your spell library was empty.

Dungeon Overview and Level Annotations

Branches:
Dungeon (1/1)

Altars:
Cheibriados
Dithmenos
Elyvilon
Fedhas
Gozag
Hepliaklqana
Kikubaaqudgha
Makhleb
Nemelex Xobeh
Okawaru
Qazlal
Ru
Sif Muna
Trog
Uskayaw
Vehumet
Wu Jian
Xom
Yredelemnul
Zin
The Shining One
Beogh
Jiyva
Lugonu

Shops:
D =?::[[!!??(*[!=

Annotations:
D exclusions: obsidian statue and oklob plant, Kirke


Innate Abilities, Weirdness & Mutations

You have a pair of horns on your head.
You reflexively headbutt those who attack you in melee.


Message History

Your unstable footing causes you to fumble your attack.
The yaktaur captain closely misses you.
You hit the yaktaur captain but do no damage.
The yaktaur captain hits you but does no damage.
Your unstable footing causes you to fumble your attack.
The yaktaur captain hits you.
Your unstable footing causes you to fumble your attack.
An ice dragon comes into view.
The yaktaur captain hits you!!
The ice dragon roars deafeningly!
You slash the yaktaur captain! You headbutt the yaktaur captain.
The yaktaur captain is moderately wounded.
The yaktaur captain hits you but does no damage.
Your unstable footing causes you to fumble your attack.
The yaktaur captain hits you!
Your unstable footing causes you to fumble your attack.
The yaktaur captain closely misses you.
Your unstable footing causes you to fumble your attack.
The yaktaur captain completely misses you.
The yaktaur captain wields a +0 arbalest.
The yaktaur captain shoots a bolt.
The bolt hits you!!
* * * LOW HITPOINT WARNING * * *
There is an open door, spattered with blood here.
The yaktaur captain shoots a bolt.
The bolt hits you!!
* * * LOW HITPOINT WARNING * * *
You're still recovering from your berserk rage.
You completely miss the ice dragon. The ice dragon breathes frost at you.
The blast of cold hits you! You resist.
* * * LOW HITPOINT WARNING * * *
You slash the ice dragon! You drain the ice dragon.
The ice dragon is lightly wounded.
The ice dragon closely misses you.
The ice dragon claws you but does no damage.
The ice dragon misses you.
You slash the ice dragon! You headbutt the ice dragon.
The ice dragon is moderately wounded.
The ice dragon breathes frost at you. The blast of cold hits you! You resist.
You die...

cz.≈## ≈○°≈
############≈≈#+++#+++##
###########≈≈≈..)......#
##........#≈≈≈≈.##)##..# #
##...⌠....#≈≈≈≈##.#.##.#### +
##..∩.∩...#≈≈≈≈#..#..# ...#
##.∩.∩.∩..#≈≈#####.#####..##
##∩.∩.∩.∩.#D##.###'# #.##..#
##.∩.....∩#≈#@..##.####.#..#
##∩.....∩.'≈D###'.<.'.##'..###
##.......∩#≈#..†##†##...#....#
#▓▓▓▓▓▓▓###≈##.###)###.##.....
##?.D######≈≈####.#.####§≈....
#(?$#h ##≈≈≈#..#..#≈≈≈§≈≈≈§
#∩P!+$. #'#≈##...##≈≈≈≈≈≈≈≈
#).[#(## #.#≈≈##'##≈≈≈§§§§≈≈
#($.###≈ ####≈≈≈≈≈≈≈≈≈§§§≈≈≈


You could see an ice dragon (catching breath, drained).

Vanquished Creatures
  A kraken (D)
  2 boulder beetles (D)
  A skeletal warrior (D)
  An elephant (D)
  A kobold demonologist (D)
  A yaktaur (D)
  3 polar bears (D)
  A hornet (D)
  A vampire mosquito (D)
  Menkaure (D)
  4 water moccasins (D)
  4 necrophages (D)
  4 scorpions (D)
  5 electric eels (D)
  3 worms (D)
  4 tentacles (D)
37 creatures vanquished.

Vanquished Creatures (others)
  7 tentacles (D)
7 creatures vanquished.

Grand Total: 44 creatures vanquished

Notes
Turn   | Place    | Note
-------+----------+-------------------------------------------
     0 | D        | boopmooplesden the Minotaur Berserker began the quest for
                  | the Orb.
     0 | D        | Reached XP level 1. HP: 19/19 MP: 0/0
     1 | D        | Noticed a scorpion
     1 | D        | Noticed a scorpion
     4 | D        | Killed a scorpion
     5 | D        | Reached skill level 6 in Axes
     5 | D        | Reached XP level 2. HP: 31/31 MP: 1/1
     5 | D        | Reached XP level 3. HP: 38/38 MP: 2/2
     5 | D        | Killed a scorpion
     6 | D        | Reached skill level 7 in Axes
     6 | D        | Reached XP level 4. HP: 48/48 MP: 3/3
     7 | D        | Noticed a scorpion
     7 | D        | Noticed a scorpion
    10 | D        | Killed a scorpion
    10 | D        | Reached ** piety under Trog
    10 | D        | Killed a scorpion
    11 | D        | Reached skill level 9 in Axes
    11 | D        | Reached skill level 5 in Armour
    11 | D        | Reached XP level 5. HP: 57/57 MP: 4/4
    75 | D        | Reached *** piety under Trog
    76 | D        | Reached skill level 5 in Dodging
    93 | D        | Noticed a necrophage
    93 | D        | Noticed a necrophage
    93 | D        | Noticed a necrophage
    93 | D        | Noticed a necrophage
    97 | D        | Killed a necrophage
    98 | D        | Reached skill level 10 in Fighting
    98 | D        | Reached skill level 10 in Axes
    98 | D        | Reached XP level 6. HP: 67/67 MP: 5/5
   103 | D        | Reached skill level 11 in Axes
   108 | D        | Reached **** piety under Trog
   109 | D        | Reached skill level 12 in Axes
   109 | D        | Reached XP level 7. HP: 75/75 MP: 6/6
   118 | D        | Noticed a boulder beetle
   118 | D        | Noticed a boulder beetle
   125 | D        | Noticed an obsidian statue
   128 | D        | Found Zaphoj's Jewellery Shop.
   130 | D        | Found Ifaetoo's Distillery.
   131 | D        | Found Usehonlu's Armour Boutique.
   131 | D        | Found Pewki's General Store.
   132 | D        | Found Wusumiuh's Magic Scroll Boutique.
   132 | D        | Found Obraqir's Antique Weapon Boutique.
   133 | D        | Found Woyxopp's Distillery.
   133 | D        | Found Lizuxueb's Magic Scroll Shop.
   135 | D        | Noticed a vampire mosquito
   150 | D        | Killed a vampire mosquito
   151 | D        | Reached skill level 13 in Axes
   491 | D        | Found Tupla's Distillery.
   491 | D        | Found Laiptiga's Antique Armour Boutique.
   495 | D        | Noticed Menkaure
   513 | D        | Killed Menkaure
   517 | D        | Found Qecunaups's Antique Armour Shop.
   517 | D        | Found Utu Erho's Book Boutique.
   517 | D        | Noticed a fire dragon
   517 | D        | Noticed an oklob plant
   518 | D        | Found Jajeach's Magic Scroll Shop.
   518 | D        | Found Fatiucics's Jewellery Boutique.
   518 | D        | Found Badupsan's Book Shoppe.
   524 | D        | Noticed a polar bear
   527 | D        | Noticed a polar bear
   529 | D        | Bought a pair of embroidered boots for 217 gold pieces
   529 | D        | Bought a scorched leather armour for 203 gold pieces
   529 | D        | Identified the +1 leather armour "Yqueceuw" {rElec} (You
                  | bought it in a shop in the Dungeon)
   617 | D        | Found a hazy altar of Hepliaklqana.
   617 | D        | Found a snail-covered altar of Cheibriados.
   618 | D        | Found a stormy altar of Qazlal.
   618 | D        | Found a viscous altar of Jiyva.
   618 | D        | Found a shadowy altar of Dithmenos.
   619 | D        | Found a sacrificial altar of Ru.
   619 | D        | Found an ancient bone altar of Kikubaaqudgha.
   619 | D        | Found a white marble altar of Elyvilon.
   620 | D        | Found an ornate altar of the Wu Jian Council.
   620 | D        | Found a shimmering blue altar of Sif Muna.
   620 | D        | Found a corrupted altar of Lugonu.
   621 | D        | Found a shimmering altar of Xom.
   621 | D        | Found a bloodstained altar of Trog.
   621 | D        | Found a burning altar of Makhleb.
   622 | D        | Found a glowing golden altar of the Shining One.
   622 | D        | Found a basalt altar of Yredelemnul.
   622 | D        | Found a hide-covered altar of Uskayaw.
   623 | D        | Found a glowing silver altar of Zin.
   624 | D        | Noticed a yaktaur
   624 | D        | Noticed a hornet
   624 | D        | Noticed a polar bear
   624 | D        | Noticed a polar bear
   627 | D        | Killed a polar bear
   628 | D        | Reached skill level 14 in Axes
   628 | D        | Reached XP level 8. HP: 86/86 MP: 7/7
   628 | D        | Noticed a polar bear
   634 | D        | Killed a polar bear
   634 | D        | Reached ***** piety under Trog
   635 | D        | Reached skill level 1 in Stealth
   636 | D        | Killed a yaktaur
   637 | D        | Reached skill level 15 in Axes
   645 | D        | Killed a polar bear
   646 | D        | Killed a hornet
   647 | D        | Reached XP level 9. HP: 39/96 MP: 8/8
   893 | D        | Found a radiant altar of Vehumet.
   899 | D        | Noticed a kraken
   914 | D        | Reached skill level 16 in Axes
   928 | D        | Received a gift from Trog
   929 | D        | Reached skill level 15 in Fighting
   930 | D        | HP: 5/145 [poisoned by a water moccasin]
   931 | D        | HP: 2/97 [poisoned by a water moccasin]
  1482 | D        | Identified a scroll of acquirement
  1482 | D        | Acquired the +8 broad axe of Bloody Death {drain, Contam
                  | +Blink rPois rC+}
  1577 | D        | Killed a kraken
  1578 | D        | Reached skill level 17 in Axes
  1578 | D        | Reached skill level 10 in Dodging
  1615 | D        | Found a sparkling altar of Nemelex Xobeh.
  1615 | D        | Found a blossoming altar of Fedhas.
  1616 | D        | Found an iron altar of Okawaru.
  1616 | D        | Found an opulent altar of Gozag.
  1730 | D        | Noticed a sixfirhy
  2034 | D        | Killed a boulder beetle
  2035 | D        | Reached skill level 18 in Axes
  2035 | D        | Reached XP level 10. HP: 108/108 MP: 9/9
  2037 | D        | Killed a boulder beetle
  2060 | D        | Bought a shiny plate armour for 754 gold pieces
  2091 | D        | Noticed an ice statue
  2094 | D        | Noticed Kirke
  2094 | D        | Noticed a skeletal warrior
  2094 | D        | Noticed a yaktaur captain
  2110 | D        | Killed a skeletal warrior
  2110 | D        | Noticed an elephant
  2111 | D        | Reached skill level 19 in Axes
  2126 | D        | Killed an elephant
  2126 | D        | Received a gift from Trog
  2140 | D        | Noticed an ice dragon
  2147 | D        | HP: 1/111 [ice dragon/blast of cold (11)]
  2149 | D        | Killed from afar by an ice dragon

Illustrated notes

Levels and vault maps discovered:
D:        the_violet_keep_of_menkaure [sprint2_stairs_cluster_1,
          sprint2_shoproom, sprint2_temple, sprint2_basic_supplies,
          sprint2_obstacle_3, sprint2_obstacle_7, sprint2_obstacle_2,
          sprint2_obstacle_4, sprint2_obstacle_1, sprint2_timed_cluster_1,
          sprint2_smallroom_cluster_1, sprint2_smallroom_final_cluster_1,
          sprint2_transparent_cluster_1, sprint2_second_timed_cluster_1,
          sprint2_sniper_area_1, sprint2_heavy_combat_area_1,
          sprint2_mutation_trap_area_1, sprint2_forest_area_1,
          sprint2_light_combat_area_1, sprint2_behind_water_1,
          sprint2_near_end_vault_1]

Skill      XL: |  1  2  3  4  5  6  7  8  9 10 |
---------------+-------------------------------+-----
Fighting       | 6 7 9 10 11 13 14 16 17 | 17.2
Axes           | 6 7 9 10 12 14 15 18 19 | 19.2
Armour         | 3 4 5 6 7 |  7.7
Dodging        | 3 4 5 6 7 8 11 12 | 12.4
Stealth        | 1 3 |  3.9

Action                   |  1- 3 |  4- 6 |  7- 9 | 10-12 || total
-------------------------+-------+-------+-------+-------++-------
Melee: Hand axe          |     3 |    27 |    67 |       ||    97
       Headbutt          |     1 |     3 |    15 |     9 ||    28
       Broad axe         |       |       |    30 |    27 ||    57
Invok: Berserk           |     1 |     1 |     4 |     1 ||     7
  Use: Scroll            |       |       |     9 |       ||     9
       Potion            |       |       |     2 |       ||     2
Armor: Animal skin       |       |     3 |     2 |       ||     5
       Leather armour    |       |       |    20 |       ||    20
       Plate armour      |       |       |       |    10 ||    10
Dodge: Dodged            |       |    10 |    61 |    11 ||    82
